 Dungeon Crawl Stone Soup version 0.27.1-3-gb3d3a73c9e (webtiles) character file.

Game seed: 1337415734454059158

112 belegose the Skirmisher (level 4, -1/39 HPs)
             Began as a Palentonga Fighter on Oct 5, 2021.
             Slain by Grinder (4 damage)
             ... on level 3 of the Dungeon.
             The game lasted 00:05:16 (2682 turns).

belegose the Skirmisher (Palentonga Fighter)        Turns: 2682, Time: 00:05:17

Health: -1/39      AC: 10    Str: 21    XL:     4   Next: 64%
Magic:  4/4        EV: -1    Int:  8    God:
Gold:   164        SH:  9    Dex:  9    Spells: 3/3 levels left

rFire    + . .     SeeInvis +   a - +0 war axe
rCold    + . .     Faith    .   c - +0 kite shield
rNeg     . . .     Spirit   .   o - +0 gold dragon scales
rPois    +         Reflect  .   (no helmet)
rElec    .         Harm     .   (no cloak)
rCorr    .         Rampage  .   (no gloves)
Will     .....                  (no barding)
Stlth    ..........             (no amulet)
HPRegen  0.13/turn              (no ring)
MPRegen  0.09/turn              (no ring)

@: no status effects
A: large, rugged brown scales 3, see invisible, deformed body, roll 1, armoured
tail
a: Rolling Charge


You were on level 3 of the Dungeon.
You visited 1 branch of the dungeon, and saw 3 of its levels.

You collected 164 gold pieces.

Inventory:

Hand Weapons
 a - a +0 war axe (weapon)
Missiles
 b - 17 poisoned darts
 f - 74 stones
Armour
 c - a +0 kite shield (worn)
 o - +0 gold dragon scales (worn)
Wands
 m - a wand of mindburst (7)
Scrolls
 e - a scroll of holy word {unknown}
 g - 2 scrolls of identify {unknown}
 h - a scroll of amnesia {unknown}
 k - a scroll of noise {unknown}
 l - a scroll of teleportation {unknown}
 n - a scroll of immolation {unknown}
Potions
 d - a potion of might
 i - a potion of flight {unknown}
 j - a potion of heal wounds {unknown}
 p - a potion of mutation {unknown}
 q - 3 potions of curing {unknown}


   Skills:
 + Level 3.6 Fighting
 + Level 2.8 Axes
 + Level 3.0 Armour
 + Level 3.0 Shields
 + Level 1.0 Evocations


You had 3 spell levels left.
You didn't know any spells.
Your spell library contained the following spells:

 Spells                   Type           Power      Damage    Failure   Level
 Sandblast                Erth           0%         2d4       100%        1
 Passwall                 Tmut/Erth      0%         N/A       100%        2
 Gell's Gravitas          Tloc           0%         N/A       100%        3
 Lesser Beckoning         Tloc           0%         N/A       100%        3
 Teleport Other           Tloc           0%         N/A       100%        3
 Lee's Rapid Deconstruct  Erth           0%         3d5*      100%        5


Dungeon Overview and Level Annotations

Branches:
Dungeon (3/15)

Altars:
Ashenzari
Uskayaw

Annotations:
D:3 Grinder


Innate Abilities, Weirdness & Mutations

You are completely covered in rugged brown scales. (AC +3, +7% HP)
You have supernaturally acute eyesight. (SInv)
Armour fits poorly on your strangely shaped body.
You can roll at nearby foes to attack.
You have a long armoured tail.


Message History

Unknown command.
There is a stone staircase leading up here.
There is a stone staircase leading up here.
There is a stone staircase leading down here.
You climb downwards.
Level annotation: Grinder
There is a stone staircase leading up here.
Unknown command.
You see here a frilled lizard skeleton.
There is a broken altar of Ashenzari here.
Items here: ) [ ÷ †.
You now have 164 gold pieces (gained 13).
Grinder shouts!
Grinder gestures at you.
You suddenly lose the ability to move!
You can move again.
You see here 2 gold pieces.
Grinder blinks!
There is a stone staircase leading up here.
Grinder gestures at you. You resist with significant effort.
You slash Grinder!
Grinder is moderately wounded.
Grinder says, "At least Makhleb appreciates what I'm doing."
Grinder gestures at you.
You barely resist. Grinder hits you!
You writhe in agony.
Your shield and gold dragon scales prevent you from hitting Grinder.
Your tail-slap misses Grinder.
Grinder is moderately wounded.
Grinder hits you! Grinder completely misses you.
You barely miss Grinder.
Your tail-slap misses Grinder.
Grinder is moderately wounded.
Grinder hits you.
You writhe in agony.
* * * LOW HITPOINT WARNING * * *
Unknown command.
There is a stone staircase leading up here.
Grinder hits you.
* * * LOW HITPOINT WARNING * * *
You writhe in agony.
You die...

#.# #...## #.# #...## ##.#
#..### #..##### #### #
#####......##
.............##
##.##.........#
#...>.†...# #######
#......@..########......
###......5...........#####
.............#############
###..?......## #..........
#......$..# #.........#
#.........# #.........#
#.........# #..........
#.........# #.........#
##.......## #........[#


You could see Grinder.

Vanquished Creatures
  Jessica (D:3)
  2 adders
  2 dart slugs (D:2)
  10 ball pythons
  5 bats
  5 endoplasms
  A giant cockroach (D:2)
  4 goblins
  8 hobgoblins
  3 jackals (D:2)
  4 kobolds
  4 quokkas
  5 frilled lizards
  5 rats
59 creatures vanquished.

Notes
Turn   | Place    | Note
-------+----------+-------------------------------------------
     0 | D:1      | belegose the Palentonga Fighter began the quest for the
                  | Orb.
     0 | D:1      | Reached XP level 1. HP: 19/19 MP: 1/1
   162 | D:1      | Reached XP level 2. HP: 24/25 MP: 2/2
   909 | D:1      | Reached XP level 3. HP: 25/31 MP: 3/3
  2100 | D:3      | Noticed Grinder
  2101 | D:3      | Paralysed by Grinder for 5 turns
  2242 | D:3      | Reached XP level 4. HP: 37/37 MP: 4/4
  2248 | D:3      | Found a faded altar of an unknown god.
  2421 | D:3      | Found a broken altar of Ashenzari.
  2421 | D:3      | Found a hide-covered altar of Uskayaw.
  2443 | D:3      | Noticed Jessica
  2455 | D:3      | Killed Jessica
  2456 | D:3      | Reached skill level 1 in Evocations
  2669 | D:3      | Paralysed by Grinder for 2 turns
  2682 | D:3      | Slain by Grinder

Illustrated notes

Levels and vault maps discovered:
D:1:      minmay_arrival_four_houses, layout_basic
D:2:      layout_loops_cross
D:3:      layout_rooms, minmay_overflow_temple_hex,
          chequers_temple_overflow_statue_of_worship,
          hellmonk_ecumenical_altar_heavens_door,
          chequers_serial_rivers_micro_c, uniq_grinder, uniq_jessica

Skill      XL: |  1  2  3  4 |
---------------+-------------+-----
Armour         | 3 |  3.0
Shields        | 3 |  3.0
Evocations     | 1 |  1.0
Fighting       | |  3.6
Axes           | |  2.8

Action                   |  1- 3 |  4- 6 || total
-------------------------+-------+-------++-------
Melee: War axe           |   165 |    30 ||   195
       Tailslap          |    13 |     3 ||    16
Armor: Scale mail        |    94 |       ||    94
       Gold dragon scale |     5 |    22 ||    27
Dodge: Dodged            |    39 |     4 ||    43
Block: Kite shield       |    95 |    11 ||   106
